 Dungeon Crawl Stone Soup version 0.30-a0-830-gfe289a77b0 (webtiles) character file.

Game seed: 14374383564433305723

1211 Pimp the Ducker (level 8, 0/62 HPs)
             Began as a Demonspawn Gladiator on Feb 28, 2023.
             Was a Believer of Okawaru.
             Killed by divine providence
             ... invoked by an orc priest
              (14 damage)
             ... on level 6 of the Dungeon.
             The game lasted 00:08:29 (4764 turns).

Pimp the Ducker (Demonspawn Gladiator)              Turns: 4764, Time: 00:08:29

Health: 0/62       AC: 19    Str: 16    XL:     8   Next: 22%
Magic:  2/2        EV:  9    Int: 10    God:    Okawaru [**....]
Gold:   249        SH:  0    Dex: 21    Spells: 7/7 levels left

rFire   + . .      SeeInvis .    x - +2 war axe (antimagic)
rCold   . . .      Faith    +    (no shield)
rNeg    . . .      Spirit   .    A - +2 chain mail {rF+}
rPois   .          Reflect  .    (helmet restricted)
rElec   .          Harm     .    (no cloak)
rCorr   .          Rampage  .    (no gloves)
Will    .....                    (no boots) Stlth
                                 i - amulet of faith
HPRegen 0.30/turn                D - +6 ring of dexterity
MPRegen 0.08/turn                (no ring)

@: sanguine armoured
A: horns 1, ignite blood 1, powered by pain 1, sanguine armour 2
a: Renounce Religion, Heroism


You were on level 6 of the Dungeon.
You worshipped Okawaru.
Okawaru was pleased with you.
You visited 2 branches of the dungeon, and saw 7 of its levels.

You collected 249 gold pieces.

Inventory:

Hand Weapons
 a - a +0 war axe
 x - a +2 antimagic war axe (weapon)
Missiles
 d - 3 throwing nets (quivered)
 e - a javelin
Armour
 b - a +0 leather armour
 c - a +0 helmet
 g - a +0 ring mail
 j - a +0 scale mail
 l - an orb of energy
 A - a +2 chain mail of fire resistance (worn)
Jewellery
 i - an amulet of faith (around neck)
 k - a ring of ice
 D - a +6 ring of dexterity (left hand)
Wands
 r - a wand of polymorph (8)
 C - a wand of quicksilver (14)
Scrolls
 h - a scroll of noise
 o - a scroll of poison
 p - a scroll of amnesia {unknown}
 q - a scroll of teleportation {unknown}
 t - a scroll of magic mapping {unknown}
 u - a scroll of enchant armour {unknown}
 v - 5 scrolls of identify {unknown}
 y - a scroll of blinking {unknown}
 B - a scroll of acquirement {unknown}
Potions
 f - 2 potions of degeneration
 m - a potion of might
 n - a potion of curing
 w - a potion of ambrosia {unknown}
 z - a potion of heal wounds {unknown}
 E - a potion of cancellation {unknown}


   Skills:
 + Level 5.2 Fighting
 + Level 5.2 Axes
 + Level 4.7 Throwing
 + Level 5.2 Dodging


You had 7 spell levels left.
You didn't know any spells.
Your spell library contained the following spells:

 Spells                   Type           Power      Damage    Failure   Level
 Lesser Beckoning         Tloc           0%         N/A       100%        2
 Sublimation of Blood     Necr           0%         N/A       100%        2
 Gell's Gravitas          Tloc           0%         N/A       100%        3
 Teleport Other           Tloc           0%         N/A       100%        3
 Petrify                  Tmut/Erth      0%         N/A       100%        4
 Irradiate                Conj/Tmut      0%         3d11      100%        5


Dungeon Overview and Level Annotations

Branches:
Dungeon (6/15)             Temple (1/1) D:4

Altars:
Ashenzari
Cheibriados
Dithmenos
Fedhas
Gozag
Hepliaklqana
Kikubaaqudgha
Makhleb
Okawaru
Qazlal
Ru
Sif Muna
Trog
Uskayaw
Yredelemnul

Shops:
D:4 (*   D:5 !


Innate Abilities, Weirdness & Mutations

You have a pair of small horns on your head.
Your demonic aura sometimes causes spilled blood to erupt in flames.
You sometimes gain a little power by taking damage.
When seriously injured, your blood forms thick armour. (AC +9)


Message History

The scorpion is moderately wounded.
You feel very sick.
The scorpion stings you but does no damage. x2
You hit the scorpion. Your headbutt misses the scorpion.
The scorpion is heavily wounded.
You feel sick.
The scorpion stings you but does no damage.
You slash the scorpion! Your headbutt misses the scorpion.
The scorpion is almost dead.
You feel sick. The scorpion stings you.
An orc comes into view. It is wielding a +0 whip.
The scorpion completely misses you.
An orc priest comes into view. It is wielding a +0 dagger.
The orc priest shouts!
You hit the scorpion but do no damage. Your headbutt misses the scorpion.
The scorpion is almost dead.
You feel sick. The scorpion misses you.
You hit the scorpion but do no damage.
The scorpion is almost dead.
You feel sick. The scorpion barely misses you. The scorpion stings you.
Your blood congeals into armour.
You barely miss the scorpion.
The scorpion is almost dead.
You feel sick.
The scorpion stings you but does no damage.
You hit the scorpion.
You kill the scorpion!
Okawaru accepts your kill.
You feel sick.
You are no longer poisoned.
The orc priest calls down the wrath of Beogh upon you.
Beogh smites you!
The orc priest mumbles some strange prayers to Beogh against you.
Beogh smites you!
* * * LOW HITPOINT WARNING * * *
You hit the orc.
The orc is severely wounded.
The orc priest mumbles some strange prayers to Beogh against you.
Beogh smites you!
You die...

#.# #.# #.###
#...# #...# #
###.# .###. #.#
......#######.#
....ooo@......#
.....o#######.#
...#. #.# . ..
#.# .. #.# .#
#.# #.# #.#


You could see 2 orc priests and 2 orcs.

Vanquished Creatures
  A water moccasin (D:5)
  3 black bears
  An ogre (D:5)
  A phantom (D:5)
  2 necrophages
  A scorpion (D:6)
  4 hounds
  2 jellies
  Natasha (thrice) (D:3)
  4 orc wizards
  6 adders
  An ufetubus (D:4)
  A dart slug (D:5)
  11 orcs
  8 endoplasms
  A giant cockroach (D:2)
  3 goblins
  11 hobgoblins
  6 jackals
  2 kobolds (D:2)
  2 quokkas
  6 ball pythons
  4 bats
  3 frilled lizards
  5 rats
92 creatures vanquished.

Notes
Turn   | Place    | Note
-------+----------+-------------------------------------------
     0 | D:1      | Pimp the Demonspawn Gladiator began the quest for the Orb.
     0 | D:1      | Reached XP level 1. HP: 16/16 MP: 1/1
    66 | D:1      | Gained mutation: You sometimes gain a little power by
                  | taking damage. [demonic ancestry]
    66 | D:1      | Reached XP level 2. HP: 18/22 MP: 2/2
   645 | D:2      | Gained mutation: When seriously injured, your blood forms
                  | armour. (AC +9) [demonic ancestry]
   645 | D:2      | Reached XP level 3. HP: 13/28 MP: 3/3
  1262 | D:3      | Noticed a black bear
  1268 | D:3      | Killed a black bear
  1269 | D:3      | Reached XP level 4. HP: 24/35 MP: 4/4
  1499 | D:3      | Noticed Natasha
  1517 | D:3      | HP: 1/35 [Natasha (4)]
  1520 | D:3      | Killed Natasha
  1521 | D:3      | Gained mutation: Your demonic aura sometimes causes spilled
                  | blood to erupt in flames. [demonic ancestry]
  1521 | D:3      | Reached XP level 5. HP: 2/41 MP: 5/5
  1864 | D:3      | Noticed Natasha
  1867 | D:3      | Killed Natasha
  2005 | D:3      | Noticed Natasha
  2012 | D:3      | Killed Natasha
  2424 | D:4      | Found Untysuor's Overcharged Wands.
  2495 | D:4      | Found a staircase to the Ecumenical Temple.
  2502 | Temple   | Entered the Ecumenical Temple
  2615 | Temple   | Became a worshipper of Warmaster Okawaru
  2739 | D:4      | Gained mutation: You have a pair of small horns on your
                  | head. [demonic ancestry]
  2739 | D:4      | Reached XP level 6. HP: 42/47 MP: 6/6
  3125 | D:4      | Found Meufas's Weapon Shop.
  3496 | D:5      | Entered Level 5 of the Dungeon
  3638 | D:5      | Reached * piety under Okawaru
  3639 | D:5      | Reached XP level 7. HP: 47/54 MP: 2/7
  3799 | D:5      | Found a hide-covered altar of Uskayaw.
  3957 | D:5      | Reached ** piety under Okawaru
  4157 | D:5      | Found Tewn's Distillery.
  4336 | D:5      | Reached skill level 5 in Dodging
  4456 | D:5      | Reached skill level 5 in Axes
  4456 | D:5      | Gained mutation: When seriously injured, your blood forms
                  | thick armour. (AC +9) [demonic ancestry]
  4456 | D:5      | Reached XP level 8. HP: 61/61 MP: 2/8
  4489 | D:5      | Reached skill level 5 in Fighting
  4764 | D:6      | Killed from afar by an orc priest

Illustrated notes

Levels and vault maps discovered:
D:1:      lemuel_arrival_room, layout_rooms, minmay_tetromino_o4
D:2:      layout_loops_cross
D:3:      layout_loops_ring, uniq_natasha
D:4:      layout_loops_ring, minmay_temple_entry_purple_smoke,
          kennysheep_path_1, nicolae_stop_n_shop_1, amethyst_killhole,
          nicolae_shop_overcharged_wands
D:5:      black_bear_nest_1, layout_loops_corners, lemuel_doored_altar,
          serial_shops, kennysheep_mini_moat
D:6:      layout_loops_ring, nemelex_xobeh_ov_fountains_minmay
Temple:   regret_index_temple_waves

Skill      XL: |  1  2  3  4  5  6  7  8 |
---------------+-------------------------+-----
Throwing       | 2 3 4 |  4.7
Dodging        | 3 4 5 |  5.2
Axes           | 3 4 5 |  5.2
Fighting       | 3 4 5 |  5.2

Action                     |  1- 3 |  4- 6 |  7- 9 || total
---------------------------+-------+-------+-------++-------
  Melee: War axe           |    83 |   134 |    66 ||   283
         Punch             |       |     3 |     2 ||     5
         Headbutt          |       |     6 |     8 ||    14
    Use: Potion            |       |     1 |     4 ||     5
         Scroll            |       |     1 |     1 ||     2
 Armour: Ring mail         |     7 |       |       ||     7
         Leather armour    |     2 |       |       ||     2
         Scale mail        |    42 |    77 |       ||   119
         Chain mail        |       |    11 |    43 ||    54
  Dodge: Dodged            |    57 |    73 |    27 ||   157

Table legend: (Time is in decaauts)
 A = Elapsed time spent in this place.
 B = Non-inter-level travel time spent in this place.
 C = Inter-level travel time spent in this place.
 D = Time resting spent in this place.
 E = Time spent auto-exploring this place.
 F = Levels seen in this place.
 G = Mean time per level.
                   A        B        C        D        E       F      G
               +--------+--------+--------+--------+--------+-----+--------+
         Total |   4847 |   4659 |    188 |    817 |   2912 |   7 |  692.4 |
       Dungeon |   4685 |   4567 |    118 |    817 |   2912 |   6 |  780.8 |
        Temple |    161 |     91 |     70 |      0 |      0 |   1 |  161.0 |
               +--------+--------+--------+--------+--------+-----+--------+

Top non-repeatable levels by time:
     D:5: 1200 daAuts
     D:3: 1093 daAuts
     D:4: 1031 daAuts
     D:2: 852 daAuts
     D:1: 436 daAuts
  Temple: 161 daAuts
     D:6: 70 daAuts
